 Dungeon Crawl Stone Soup version 0.27.0-1-g7a089689b8 (webtiles) character file.

Game seed: 8683856952969142494

48 Kinoniko the Chopper (level 3, -1/33 HPs)
             Began as a Hill Orc Abyssal Knight on Aug 17, 2021.
             Was a Follower of Lugonu.
             Succumbed to an adder's poison
             ... on level 2 of the Dungeon.
             The game lasted 00:01:39 (2076 turns).

Kinoniko the Chopper (Hill Orc Abyssal Knight)      Turns: 2076, Time: 00:01:40

Health: -1/33      AC:  3    Str: 14 (15) XL:     3   Next: 72%
Magic:  4/4        EV: 11    Int:  7 (10) God:    Lugonu [*.....]
Gold:   97         SH:  0    Dex:  8 (10) Spells: 2/2 levels left

rFire    . . .     SeeInvis .   a - +1 hand axe
rCold    . . .     Faith    .   (no shield)
rNeg     . . .     Spirit   .   b - +0 leather armour
rPois    .         Reflect  .   (no helmet)
rElec    .         Harm     .   (no cloak)
rCorr    .         Rampage  .   (no gloves)
Will     .....                  (no boots)
Stlth    +.........             (no amulet)
HPRegen  0.11/turn              (no ring)
MPRegen  0.09/turn              (no ring)

@: lethally poisoned (-1 -> -9)
A: dopey 1, low mp 1, sense surroundings 1
a: Renounce Religion, Depart the Abyss


You were on level 2 of the Dungeon.
You worshipped Lugonu.
Lugonu was aware of your devotion.
You visited 1 branch of the dungeon, and saw 2 of its levels.
You visited the Abyss 1 time.

You collected 97 gold pieces.

Inventory:

Hand Weapons
 a - a +1 hand axe (weapon)
Armour
 b - a +0 leather armour (worn)
Scrolls
 e - a scroll of enchant weapon
 f - a scroll of amnesia
 g - a scroll of teleportation {unknown}
 h - a scroll of immolation {unknown}
 j - a scroll of enchant armour {unknown}
Potions
 d - a potion of degeneration


   Skills:
 - Level 4.0 Fighting
 * Level 4.1 Axes
 - Level 2.3 Armour
 - Level 0.7 Dodging
 + Level 3.3 Invocations


You had 2 spell levels left.
You didn't know any spells.
Your spell library contained the following spells:

 Spells                   Type           Power      Damage    Failure   Level
 Foxfire                  Conj/Fire      0%         2x1d4     50%         1
 Static Discharge         Conj/Air       0%         N/A       65%         2
 Sublimation of Blood     Necr           0%         N/A       65%         2
 Wereblood                Tmut           0%         N/A       65%         2
 Conjure Flame            Conj/Fire      0%         6-21      86%         3
 Inner Flame              Hex/Fire       0%         N/A       86%         3
 Lightning Bolt           Conj/Air       0%         1d11      100%        5
 Summon Hydra             Summ           0%         N/A       100%        7
 Maxwell's Capacitive Co  Air            0%         ∞         100%        8


Dungeon Overview and Level Annotations

Branches:
Dungeon (2/15)

Altars:


Innate Abilities, Weirdness & Mutations

You are dopey. (Int -2)
Your magical capacity is low. (-10% MP)
You passively map a small area around you.


Message History

Lugonu accepts your kill.
Reactivating autopickup.
You feel a bit more experienced.
You hit the adder.
You feel sick. The adder closely misses you. x2
Unknown command.
You feel sick.
You are no longer poisoned.
The adder bites you but does no damage.
Items here: $ ( ) ? [ †.
You hit the adder but do no damage.
The adder is severely wounded.
The adder misses you. The adder bites you but does no damage.
You barely miss the adder.
The adder is severely wounded.
The adder misses you.
You barely miss the adder.
The adder is severely wounded.
The adder bites you.
* * * LOW HITPOINT WARNING * * *
You are poisoned.
The adder poisons you!
You hit the adder.
The adder is almost dead.
You feel sick. The adder barely misses you. The adder bites you.
* * * LOW HITPOINT WARNING * * *
You are lethally poisoned!
The adder poisons you!
Unknown command.
You miss the adder.
The adder is almost dead.
* * * LOW HITPOINT WARNING * * *
You feel very sick. The adder bites you.
* * * LOW HITPOINT WARNING * * *
Unknown command.
Unknown command.
You hit the adder.
You kill the adder!
Lugonu accepts your kill.
You die...

...............# ,
###..........#.#..,
........####.#.#.# ,
####.##.####.#.#.# **
......#........#.# *
####.#######.#.#.# , #
#.# #..#.#.#
####.######..#.#.####
.............#.#@†..+
###.....###..#......# ,
..+.................# ,
###......##..)......# ,
###......##.........#,
..'......##.........# *
###......##........?#,,
.........##.....#.....
,
#####.......###.......
,


There were no monsters in sight!

Vanquished Creatures
  An adder (D:2)
  A worm (D:2)
  2 dart slugs (D:1)
  7 endoplasms
  2 giant cockroaches
  10 kobolds
  5 quokkas
  A ball python (D:1)
  2 bats (D:1)
  3 frilled lizards (D:1)
  A goblin (D:2)
  5 rats (D:1)
40 creatures vanquished.

Notes
Turn   | Place    | Note
-------+----------+-------------------------------------------
     0 | Abyss:1  | Kinoniko the Hill Orc Abyssal Knight began the quest for
                  | the Orb.
     0 | Abyss:1  | Reached XP level 1. HP: 19/19 MP: 2/2
    55 | Abyss:1  | Noticed a small abomination
    56 | D:1      | Escaped the Abyss
   479 | D:1      | Reached XP level 2. HP: 18/27 MP: 3/3
   481 | D:1      | Reached * piety under Lugonu
  1096 | D:1      | Reached XP level 3. HP: 28/33 MP: 5/5
  1424 | D:1      | Found a faded altar of an unknown god.
  2068 | D:2      | Gained mutation: Your magical capacity is low. (-10% MP)
                  | [potion of mutation]
  2068 | D:2      | Gained mutation: You are dopey. (Int -2) [potion of
                  | mutation]
  2068 | D:2      | Gained mutation: You passively map a small area around you.
                  | [potion of mutation]
  2075 | D:2      | HP: 1/33 [adder (2)]
  2076 | D:2      | Succumbed to an adder's poison

Illustrated notes

Levels and vault maps discovered:
D:1:      eino_arrival_water_cross, layout_basic, basic_ecumenical_altar,
          minmay_misc_feat_diagonals, fountainhead, kennysheep_another_room,
          minmay_heptomino_w4
D:2:      layout_basic, basic_altar

Skill      XL: |  1  2  3 |
---------------+----------+-----
Fighting       | 4 |  4.0
Axes           | 3 4 |  4.1
Invocations    | 3 |  3.3
Armour         | |  2.3
Dodging        | |  0.7

Action                   || total
-------------------------++-------
Melee: Hand axe          ||   125
Invok: Depart the Abyss  ||     1
  Use: Potion            ||     3
       Scroll            ||     2
Armor: Leather armour    ||    40
Dodge: Dodged            ||    76
